Manchots vs Monarchs
Created - 26 novembre 2013 at 19:59
Goals
|
| Manchots |
2 |
3 |
4 |
9 |
| Monarchs |
1 |
2 |
0 |
3 |
|
Shots
|
| Manchots |
11 |
8 |
10 |
29 |
| Monarchs |
11 |
16 |
2 |
29 |
|
1st period
1. Manchots , Petr Sykora 6 (Steven Stamkos, Tyler Ennis) at 7:42
2. Monarchs , Chris Clark 6 (Jonathan Matsumoto) at 14:18 (PP)
3. Manchots , Petr Sykora 7 (Steven Stamkos) at 19:39
Penalties :
Jamie Benn (Out) for Slashing (Minor) at 8:55, Michael Del Zotto (Out) for Tripping (Minor) at 13:36
2nd period
4. Monarchs , Jarret Stoll 8 (Mikkel Boedker, Patrik Berglund) at 0:19 (PP)
5. Manchots , Alexander Radulov 11 (Logan Couture) at 0:46
6. Manchots , Aaron Ward 4 (Petr Sykora, Steven Stamkos) at 8:10 (PP)
7. Monarchs , Mikkel Boedker 5 (Chris Clark, Raphael Diaz) at 13:31
8. Manchots , Alexander Radulov 12 (Michael Del Zotto, Tyler Kennedy) at 16:58
Penalties :
Steven Stamkos (Out) for Hooking (Minor) at 0:15, Martin Hanzal (Out) for Hooking (Minor) at 2:29, Raphael Diaz (MAN) for Holding Stick (Minor) at 8:02, Logan Couture (Out) for Tripping (Minor) at 8:17, Colby Robak (MAN) for Delaying the game (Minor) at 18:41, Stanislav Neckar (Out) for Hooking (Minor) at 18:41
3rd period
9. Manchots , Cal Clutterbuck 1 (Tyler Kennedy, Bobby Butler) at 1:22
10. Manchots , Tyler Kennedy 2 (Cal Clutterbuck, Aaron Ward) at 3:06
11. Manchots , Tyler Ennis 10 (Steven Stamkos) at 13:23
12. Manchots , Martin Hanzal 7 (Bobby Butler) at 14:13
Penalties :
Pernell Karl Subban (Out) for Goalie Interference (Minor) at 3:42, Alec Martinez (MAN) for Holding (Minor) at 9:41
Goalie Stats
Sebastien Caron (Out), 26 saves from 29 shots - (0,897), W, 10-2-2, 60:00 minutes
Michael Leighton (MAN), 9 saves from 14 shots - (0,643), 31:50 minutes
Braden Holtby (MAN), 11 saves from 15 shots - (0,733), L, 5-6-1, 28:10 minutes
Players Stats for Manchots
Player Name G A P +/- PIM S H SB GA TA FO MP PP MP PK MP
------------------------------------------------------------------------------------
Aaron Ward 1 1 2 7 0 2 1 1 0 2 0/0 25:50 1:09 5:08
Alexander Radulov 2 0 2 2 0 4 2 1 0 0 2/4 15:51 0:54 0:00
Bobby Butler 0 2 2 1 0 1 0 0 1 0 0/0 10:31 0:00 0:00
Bryan Allen 0 0 0 -1 0 0 0 1 0 0 0/0 18:01 0:58 5:08
Cal Clutterbuck 1 1 2 2 0 1 0 0 0 0 0/0 6:04 0:00 0:00
Eric Gryba 0 0 0 -1 0 0 1 0 0 0 0/0 14:05 0:25 3:34
Eric Tangradi 0 0 0 2 0 0 1 0 0 0 0/0 6:57 0:18 0:20
Jamie Benn 0 0 0 2 2 2 1 0 0 0 0/1 16:55 0:54 1:06
Logan Couture 0 1 1 2 2 2 0 0 0 0 5/19 17:14 0:54 1:22
Martin Hanzal 1 0 1 1 2 2 4 0 0 1 0/2 13:35 0:27 2:12
Michael Del Zotto 0 1 1 3 2 0 0 1 0 0 0/0 14:33 1:09 0:00
Pernell Karl Subban 0 0 0 5 2 2 3 2 0 4 0/0 25:44 0:33 0:00
Petr Sykora 2 1 3 2 0 3 3 2 0 0 0/1 20:46 1:04 4:37
Ruslan Fedotenko 0 0 0 1 0 1 1 1 0 0 0/0 14:03 0:00 3:02
Stanislav Neckar 0 0 0 1 2 1 4 1 1 1 0/0 22:20 0:00 3:34
Steven Stamkos 0 4 4 2 2 5 1 0 1 0 13/27 18:28 0:55 0:14
Tyler Ennis 1 1 2 2 0 1 2 0 0 0 2/2 17:31 0:55 0:00
Tyler Kennedy 1 2 3 2 0 2 1 0 0 0 2/10 10:44 0:00 4:31
Players Stats for Monarchs
Player Name G A P +/- PIM S H SB GA TA FO MP PP MP PK MP
------------------------------------------------------------------------------------
Alec Martinez 0 0 0 -3 2 0 0 0 0 1 0/0 10:35 0:00 0:00
Carl Hagelin 0 0 0 -2 0 2 1 0 0 0 0/0 11:34 3:43 0:00
Chris Clark 1 1 2 0 0 2 1 0 0 1 0/0 17:35 3:44 1:09
Colby Robak 0 0 0 -3 2 0 0 0 0 0 0/0 10:00 0:00 0:00
Denis Hamel 0 0 0 -2 0 1 1 0 1 0 0/0 11:23 0:04 0:27
Jamie McGinn 0 0 0 -2 0 0 2 0 0 0 0/0 8:11 0:00 0:00
Jarret Stoll 1 0 1 -3 0 3 5 0 0 0 2/3 23:40 4:55 0:31
Jason Chimera 0 0 0 -3 0 2 3 0 1 0 1/1 17:25 0:03 0:31
Jonathan Matsumoto 0 1 1 1 0 2 1 0 1 0 6/7 15:06 3:43 0:33
Kevin Marshall 0 0 0 0 0 0 0 0 0 0 0/0 6:21 0:00 0:59
Maxime Macenauer 0 0 0 -2 0 0 0 0 0 0 3/6 9:14 0:00 1:03
Michael Haley 0 0 0 -2 0 1 4 0 0 0 0/0 10:04 0:00 0:00
Mikkel Boedker 1 1 2 1 0 3 1 0 3 0 1/1 17:25 4:55 0:00
Nate Prosser 0 0 0 -2 0 1 1 1 0 0 0/0 20:14 3:16 0:59
Patrik Berglund 0 1 1 -4 0 3 4 0 1 0 25/43 22:35 4:55 0:00
Raphael Diaz 0 1 1 -3 2 2 2 1 0 0 0/0 21:43 3:16 0:00
Sean Zimmerman 0 0 0 -2 0 2 1 1 0 1 0/0 25:26 5:26 1:08
Slava Voynov 0 0 0 0 0 1 0 0 0 0 0/0 10:53 5:26 0:00
Tommy Wingels 0 0 0 -2 0 4 0 0 1 0 4/5 10:53 0:04 0:00
Travis Hamonic 0 0 0 -2 0 0 0 1 0 0 0/0 15:34 0:00 1:08
3 Stars
1 - Petr Sykora (Out)
2 - Aaron Ward (Out)
3 - Alexander Radulov (Out)
Power Play
Manchots - 1 on 2 Attempt(s) - 50,00%
Monarchs - 2 on 6 Attempt(s) - 33,33%
Penalty Kill
Manchots - 4 on 6 Attempt(s) - 66,67%
- Score 0 goal in Penalty Kill
Monarchs - 1 on 2 Attempt(s) - 50,00%
- Score 0 goal in Penalty Kill
Official
Referees : StLaurent Francois and Rehman Kyle
Linesman : Dan Schachte and Scott Cherrey
Game Notes
Michael Leighton enters game at 8:10 of 2nd period
1:22 of 3rd period - Manchots goal is going for a video replay. After video review, Goal.
Finance
Level 1 -- Attendance: 1618 (80,90%) -- Ticket Income 56 630 $
Level 2 -- Attendance: 763 (76,30%) -- Ticket Income 11 445 $
Total Attendance: 2381 (79,37%)
Total Ticket Income: 68 075 $
Other Income: 3 404 $
Total Income: 71 479 $
Manchots
5 vs 5 Forward
Center Left Wing Right Wing Time % Phy DF OF
1 Steven Stamkos Tyler Ennis Petr Sykora 40 1 2 2
2 Logan Couture Jamie Benn Alexander Radulov 38 1 2 2
3 Martin Hanzal Ruslan Fedotenko Bobby Butler 20 1 2 2
4 Tyler Kennedy Eric Tangradi Cal Clutterbuck 2 1 2 2
5 vs 5 Defense
Defense Defense Time % Phy DF OF
1 Pernell Karl Subban Stanislav Neckar 40 1 2 2
2 Aaron Ward Michael Del Zotto 29 1 2 2
3 Bryan Allen Eric Gryba 18 1 2 2
4 Pernell Karl Subban Aaron Ward 13 1 2 2
PowerPlay Forward
Center Left Wing Right Wing Time % Phy DF OF
1 Steven Stamkos Tyler Ennis Petr Sykora 60 1 1 3
2 Logan Couture Jamie Benn Alexander Radulov 40 1 1 3
PowerPlay Defense
Defense Defense Time % Phy DF OF
1 Bryan Allen Pernell Karl Subban 60 1 1 3
2 Michael Del Zotto Aaron Ward 40 1 1 3
Penalty Kill 4 Players Forward
Center Wing Time % Phy DF OF
1 Tyler Kennedy Petr Sykora 60 1 2 2
2 Martin Hanzal Ruslan Fedotenko 40 1 2 2
Penalty Kill 4 Players Defense
Defense Defense Time % Phy DF OF
1 Bryan Allen Aaron Ward 60 1 2 2
2 Stanislav Neckar Eric Gryba 40 1 2 2
Penalty Kill - 3 Players Forward
Forward Time % Phy DF OF
1 Ruslan Fedotenko 60 1 2 2
2 Martin Hanzal 40 1 2 2
Penalty Kill - 3 Players Defense
Defense Defense Time % Phy DF OF
1 Aaron Ward Bryan Allen 60 1 2 2
2 Eric Gryba Stanislav Neckar 40 1 2 2
4 vs 4 Forward
Center Wing Time % Phy DF OF
1 Steven Stamkos Tyler Ennis 60 1 2 2
2 Logan Couture Alexander Radulov 40 1 2 2
4 vs 4 Defense
Defense Defense Time % Phy DF OF
1 Pernell Karl Subban Bryan Allen 60 1 2 2
2 Michael Del Zotto Aaron Ward 40 1 2 2
Last Minutes Offensive
Center Left Wing Right Wing Defense Defense
Steven Stamkos Tyler Ennis Alexander Radulov Michael Del Zotto Pernell Karl Subban
Last Minutes Defensive
Center Left Wing Right Wing Defense Defense
Tyler Kennedy Ruslan Fedotenko Petr Sykora Aaron Ward Stanislav Neckar
Goaltenders
Starting : Sebastien Caron
Backup : Anders Lindback
Extra Forwards
Normal : Logan Couture, Steven Stamkos, Tyler Ennis - PP : Martin Hanzal, Steven Stamkos - PK : Ruslan Fedotenko
Extra Defensemen
Normal : Stanislav Neckar, Pernell Karl Subban, Aaron Ward - PP : Michael Del Zotto - PK : Stanislav Neckar, Aaron Ward
Penalty Shots
Steven Stamkos, Tyler Ennis, Ruslan Fedotenko, Alexander Radulov, Martin Hanzal
Monarchs
5 vs 5 Forward
Center Left Wing Right Wing Time % Phy DF OF
1 Patrik Berglund Jason Chimera Jarret Stoll 45 1 1 3
2 Jonathan Matsumoto Chris Clark Mikkel Boedker 30 1 2 2
3 Tommy Wingels Michael Haley Denis Hamel 15 2 1 2
4 Maxime Macenauer Jamie McGinn Carl Hagelin 10 1 2 2
5 vs 5 Defense
Defense Defense Time % Phy DF OF
1 Sean Zimmerman Raphael Diaz 40 1 2 2
2 Nate Prosser Travis Hamonic 30 1 2 2
3 Alec Martinez Colby Robak 20 1 2 2
4 Slava Voynov Kevin Marshall 10 1 3 1
PowerPlay Forward
Center Left Wing Right Wing Time % Phy DF OF
1 Patrik Berglund Jarret Stoll Mikkel Boedker 70 1 1 3
2 Jonathan Matsumoto Carl Hagelin Chris Clark 30 1 1 3
PowerPlay Defense
Defense Defense Time % Phy DF OF
1 Sean Zimmerman Slava Voynov 70 0 2 3
2 Raphael Diaz Nate Prosser 30 0 2 3
Penalty Kill 4 Players Forward
Center Wing Time % Phy DF OF
1 Maxime Macenauer Chris Clark 60 1 3 1
2 Jarret Stoll Jason Chimera 40 2 3 0
Penalty Kill 4 Players Defense
Defense Defense Time % Phy DF OF
1 Travis Hamonic Sean Zimmerman 60 2 3 0
2 Kevin Marshall Nate Prosser 40 2 3 0
Penalty Kill - 3 Players Forward
Forward Time % Phy DF OF
1 Jarret Stoll 60 1 3 1
2 Maxime Macenauer 40 1 3 1
Penalty Kill - 3 Players Defense
Defense Defense Time % Phy DF OF
1 Travis Hamonic Sean Zimmerman 60 2 3 0
2 Nate Prosser Alec Martinez 40 2 3 0
4 vs 4 Forward
Center Wing Time % Phy DF OF
1 Jarret Stoll Mikkel Boedker 60 1 2 2
2 Patrik Berglund Chris Clark 40 1 2 2
4 vs 4 Defense
Defense Defense Time % Phy DF OF
1 Sean Zimmerman Nate Prosser 60 1 2 2
2 Raphael Diaz Alec Martinez 40 1 2 2
Last Minutes Offensive
Center Left Wing Right Wing Defense Defense
Patrik Berglund Jarret Stoll Mikkel Boedker Sean Zimmerman Raphael Diaz
Last Minutes Defensive
Center Left Wing Right Wing Defense Defense
Jarret Stoll Jason Chimera Chris Clark Travis Hamonic Sean Zimmerman
Goaltenders
Starting : Braden Holtby
Backup : Michael Leighton
Extra Forwards
Normal : Patrik Berglund, Mikkel Boedker, Jarret Stoll - PP : Tommy Wingels, Carl Hagelin - PK : Jonathan Matsumoto
Extra Defensemen
Normal : Travis Hamonic, Kevin Marshall, Slava Voynov - PP : Travis Hamonic - PK : Colby Robak, Raphael Diaz
Penalty Shots
Patrik Berglund, Mikkel Boedker, Jarret Stoll, Michael Haley, Chris Clark
% Time on Ice - Manchots
Lines # - Real PCT - Wanted PCT - Time Play
Normal Forward
1 - 33% - 40% - 15:32
2 - 32% - 38% - 15:05
3 - 22% - 20% - 10:31
4 - 13% - 2% - 6:04
Normal Defense
1 - 40% - 40% - 19:05
2 - 28% - 29% - 13:00
3 - 21% - 18% - 9:44
4 - 11% - 13% - 5:23
PP Forward
1 - 57% - 60% - 1:13
2 - 43% - 40% - 0:54
PP Defense
1 - 46% - 60% - 0:58
2 - 54% - 40% - 1:09
PK Forward
1 - 68% - 60% - 5:57
2 - 32% - 40% - 2:45
PK Defense
1 - 59% - 60% - 5:08
2 - 41% - 40% - 3:34
PK3 Forward
1 - 0% - 60%
2 - 0% - 40%
PK3 Defense
1 - 0% - 60%
2 - 0% - 40%
44 Forward
1 - 83% - 60% - 1:39
2 - 17% - 40% - 0:20
44 Defense
1 - 77% - 60% - 1:32
2 - 23% - 40% - 0:27
Last Minute Offensive - 0:00
Last Minute Defensive - 0:00
Total
Forward - 60:00
Defense - 60:00
|
% Time on Ice - Monarchs
Lines # - Real PCT - Wanted PCT - Time Play
Normal Forward
1 - 37% - 45% - 17:18
2 - 25% - 30% - 11:39
3 - 21% - 15% - 10:04
4 - 17% - 10% - 8:11
Normal Defense
1 - 37% - 40% - 17:21
2 - 32% - 30% - 15:10
3 - 20% - 20% - 9:19
4 - 11% - 10% - 5:22
PP Forward
1 - 57% - 70% - 4:59
2 - 43% - 30% - 3:43
PP Defense
1 - 62% - 70% - 5:26
2 - 38% - 30% - 3:16
PK Forward
1 - 76% - 60% - 1:36
2 - 24% - 40% - 0:31
PK Defense
1 - 54% - 60% - 1:08
2 - 46% - 40% - 0:59
PK3 Forward
1 - 0% - 60%
2 - 0% - 40%
PK3 Defense
1 - 0% - 60%
2 - 0% - 40%
44 Forward
1 - 82% - 60% - 1:37
2 - 18% - 40% - 0:22
44 Defense
1 - 76% - 60% - 1:31
2 - 24% - 40% - 0:28
Last Minute Offensive - 0:00
Last Minute Defensive - 0:00
Total
Forward - 60:00
Defense - 60:00
|
Play by Play
1st period
0:01 of 1st period - Steven Stamkos wins face-off versus Patrik Berglund in neutral zone.
0:12 of 1st period - Stanislav Neckar is hit by Patrik Berglund and loses puck.
0:25 of 1st period - Mikkel Boedker is hit by Stanislav Neckar and loses puck.
0:34 of 1st period - Snap shot by Martin Hanzal.
0:34 of 1st period - Deflect By Mikkel Boedker.
0:34 of 1st period - Shot Hit the Post.
0:34 of 1st period - Puck is out of play.
0:35 of 1st period - Tommy Wingels wins face-off versus Jamie Benn in Monarchs zone.
1:44 of 1st period - Slapshot by Chris Clark.
1:44 of 1st period - Shot Misses the Net.
1:46 of 1st period - Snap shot by Chris Clark.
1:46 of 1st period - Stopped by Sebastien Caron with a rebound.
2:24 of 1st period - Raphael Diaz is hit by Petr Sykora and loses puck.
2:41 of 1st period - Icing by Steven Stamkos.
2:42 of 1st period - Patrik Berglund wins face-off versus Steven Stamkos in Manchots zone.
2:53 of 1st period - Nate Prosser is hit by Pernell Karl Subban.
3:27 of 1st period - Slapshot by Steven Stamkos.
3:27 of 1st period - Stopped by Braden Holtby with a rebound.
3:29 of 1st period - Wrist shot by Steven Stamkos.
3:29 of 1st period - Stopped by Braden Holtby with a rebound.
3:31 of 1st period - Snap shot by Petr Sykora.
3:31 of 1st period - Stopped by Braden Holtby without a rebound.
3:32 of 1st period - Patrik Berglund wins face-off versus Logan Couture in Monarchs zone.
3:45 of 1st period - Snap shot by Patrik Berglund.
3:45 of 1st period - Shot Misses the Net.
3:57 of 1st period - Raphael Diaz is hit by Eric Gryba and loses puck.
4:16 of 1st period - Wrist shot by Carl Hagelin.
4:16 of 1st period - Deflect By Maxime Macenauer.
4:16 of 1st period - Shot Misses the Net.
4:16 of 1st period - Puck is out of play.
4:17 of 1st period - Maxime Macenauer wins face-off versus Tyler Kennedy in Manchots zone.
4:30 of 1st period - Slapshot by Eric Tangradi.
4:30 of 1st period - Shot Misses the Net.
4:49 of 1st period - Jason Chimera is hit by Stanislav Neckar and loses puck.
5:08 of 1st period - Jonathan Matsumoto is hit by Ruslan Fedotenko and loses puck.
5:23 of 1st period - Wrist shot by Steven Stamkos.
5:23 of 1st period - Stopped by Braden Holtby with a rebound.
5:47 of 1st period - Slapshot by Jason Chimera.
5:47 of 1st period - Shot Misses the Net.
5:49 of 1st period - Slapshot by Nate Prosser.
5:49 of 1st period - Stopped by Sebastien Caron without a rebound.
5:50 of 1st period - Patrik Berglund wins face-off versus Logan Couture in Manchots zone.
5:51 of 1st period - Snap shot by Jason Chimera.
5:51 of 1st period - Shot Misses the Net.
6:41 of 1st period - Slapshot by Martin Hanzal.
6:41 of 1st period - Shot Misses the Net.
6:57 of 1st period - Wrist shot by Bobby Butler.
6:57 of 1st period - Stopped by Braden Holtby with a rebound.
7:21 of 1st period - Wrist shot by Jarret Stoll.
7:21 of 1st period - Shot Blocked by Pernell Karl Subban.
7:23 of 1st period - Slapshot by Colby Robak.
7:23 of 1st period - Shot Misses the Net.
7:25 of 1st period - Snap shot by Colby Robak.
7:25 of 1st period - Shot Misses the Net.
7:38 of 1st period - Icing by Raphael Diaz.
7:39 of 1st period - Tyler Ennis wins face-off versus Tommy Wingels in Monarchs zone.
7:42 of 1st period - Snap shot by Petr Sykora.
7:42 of 1st period - Goal by Petr Sykora - Manchots : 1 - Monarchs : 0.
7:43 of 1st period - Patrik Berglund wins face-off versus Logan Couture in neutral zone.
7:49 of 1st period - Off-side.
7:50 of 1st period - Patrik Berglund wins face-off versus Logan Couture in neutral zone.
8:03 of 1st period - Snap shot by Jamie Benn.
8:03 of 1st period - Stopped by Braden Holtby with a rebound.
8:05 of 1st period - Slapshot by Michael Del Zotto.
8:05 of 1st period - Shot Misses the Net.
8:27 of 1st period - Wrist shot by Jonathan Matsumoto.
8:27 of 1st period - Stopped by Sebastien Caron with a rebound.
8:39 of 1st period - Travis Hamonic is hit by Martin Hanzal and loses puck.
8:55 of 1st period - Minor Penalty to Jamie Benn for Slashing.
8:56 of 1st period - Patrik Berglund wins face-off versus Tyler Kennedy in Manchots zone.
9:41 of 1st period - Icing by Nate Prosser.
9:42 of 1st period - Patrik Berglund wins face-off versus Tyler Kennedy in Monarchs zone.
9:53 of 1st period - Wrist shot by Jarret Stoll.
9:53 of 1st period - Shot Misses the Net.
10:55 of 1st period - Penalty to Jamie Benn is over, Jamie Benn is back on ice.
10:56 of 1st period - Aaron Ward is hit by Jarret Stoll and loses puck.
11:11 of 1st period - Aaron Ward is hit by Michael Haley and loses puck.
12:30 of 1st period - Denis Hamel is hit by Stanislav Neckar and loses puck.
12:59 of 1st period - Kevin Marshall is hit by Steven Stamkos and loses puck.
13:09 of 1st period - Off-side.
13:10 of 1st period - Patrik Berglund wins face-off versus Logan Couture in neutral zone.
13:33 of 1st period - Backhand shot by Mikkel Boedker.
13:33 of 1st period - Stopped by Sebastien Caron without a rebound.
13:34 of 1st period - Jonathan Matsumoto wins face-off versus Martin Hanzal in Manchots zone.
13:36 of 1st period - Minor Penalty to Michael Del Zotto for Tripping.
13:37 of 1st period - Patrik Berglund wins face-off versus Tyler Kennedy in Manchots zone.
13:42 of 1st period - Wrist shot by Patrik Berglund.
13:42 of 1st period - Deflect By Bryan Allen.
13:42 of 1st period - Shot Misses the Net.
13:42 of 1st period - Puck is out of play.
13:43 of 1st period - Patrik Berglund wins face-off versus Tyler Kennedy in Manchots zone.
13:52 of 1st period - Slapshot by Mikkel Boedker.
13:52 of 1st period - Shot Misses the Net.
14:18 of 1st period - Snap shot by Chris Clark.
14:18 of 1st period - Goal by Chris Clark - Manchots : 1 - Monarchs : 1.
14:19 of 1st period - Patrik Berglund wins face-off versus Steven Stamkos in neutral zone.
14:44 of 1st period - Steven Stamkos is hit by Michael Haley and loses puck.
14:49 of 1st period - Snap shot by Tommy Wingels.
14:49 of 1st period - Stopped by Sebastien Caron with a rebound.
14:51 of 1st period - Slapshot by Nate Prosser.
14:51 of 1st period - Deflect By Denis Hamel.
14:51 of 1st period - Shot Blocked by Petr Sykora.
14:51 of 1st period - Puck is out of play.
14:52 of 1st period - Logan Couture wins face-off versus Patrik Berglund in Manchots zone.
14:52 of 1st period - Logan Couture is hit by Jarret Stoll.
15:02 of 1st period - Patrik Berglund is hit by Jamie Benn.
15:43 of 1st period - Aaron Ward is hit by Raphael Diaz and loses puck.
16:23 of 1st period - Slapshot by Jason Chimera.
16:23 of 1st period - Stopped by Sebastien Caron with a rebound.
16:41 of 1st period - Backhand shot by Michael Haley.
16:41 of 1st period - Shot Misses the Net.
16:49 of 1st period - Wrist shot by Tommy Wingels.
16:49 of 1st period - Stopped by Sebastien Caron with a rebound.
17:11 of 1st period - Snap shot by Ruslan Fedotenko.
17:11 of 1st period - Shot Misses the Net.
17:25 of 1st period - Wrist shot by Carl Hagelin.
17:25 of 1st period - Stopped by Sebastien Caron without a rebound.
17:26 of 1st period - Maxime Macenauer wins face-off versus Logan Couture in Manchots zone.
17:51 of 1st period - Tyler Ennis is hit by Jarret Stoll and loses puck.
18:36 of 1st period - Logan Couture is hit by Michael Haley and loses puck.
19:17 of 1st period - Slapshot by Patrik Berglund.
19:17 of 1st period - Stopped by Sebastien Caron with a rebound.
19:19 of 1st period - Slapshot by Slava Voynov.
19:19 of 1st period - Deflect By Aaron Ward.
19:19 of 1st period - Stopped by Sebastien Caron without a rebound.
19:20 of 1st period - Alexander Radulov wins face-off versus Patrik Berglund in Manchots zone.
19:25 of 1st period - Snap shot by Alexander Radulov.
19:25 of 1st period - Shot Misses the Net.
19:27 of 1st period - Snap shot by Pernell Karl Subban.
19:27 of 1st period - Stopped by Braden Holtby without a rebound.
19:28 of 1st period - Logan Couture wins face-off versus Jarret Stoll in Monarchs zone.
19:31 of 1st period - Wrist shot by Alexander Radulov.
19:31 of 1st period - Stopped by Braden Holtby with a rebound.
19:33 of 1st period - Snap shot by Logan Couture.
19:33 of 1st period - Shot Misses the Net.
19:35 of 1st period - Snap shot by Logan Couture.
19:35 of 1st period - Stopped by Braden Holtby without a rebound.
19:36 of 1st period - Steven Stamkos wins face-off versus Patrik Berglund in Monarchs zone.
19:39 of 1st period - Backhand shot by Petr Sykora.
19:39 of 1st period - Goal by Petr Sykora - Manchots : 2 - Monarchs : 1.
19:40 of 1st period - Patrik Berglund wins face-off versus Alexander Radulov in neutral zone.
2nd period
0:01 of 2nd period - Steven Stamkos wins face-off versus Patrik Berglund in neutral zone.
0:14 of 2nd period - Slapshot by Raphael Diaz.
0:14 of 2nd period - Stopped by Sebastien Caron with a rebound.
0:15 of 2nd period - Minor Penalty to Steven Stamkos for Hooking.
0:16 of 2nd period - Patrik Berglund wins face-off versus Tyler Kennedy in Manchots zone.
0:19 of 2nd period - Slapshot by Jarret Stoll.
0:19 of 2nd period - Goal by Jarret Stoll - Manchots : 2 - Monarchs : 2.
0:20 of 2nd period - Steven Stamkos wins face-off versus Patrik Berglund in neutral zone.
0:29 of 2nd period - Slapshot by Raphael Diaz.
0:29 of 2nd period - Shot Blocked by Stanislav Neckar.
0:31 of 2nd period - Slapshot by Jarret Stoll.
0:31 of 2nd period - Stopped by Sebastien Caron with a rebound.
0:33 of 2nd period - Slapshot by Patrik Berglund.
0:33 of 2nd period - Stopped by Sebastien Caron without a rebound.
0:34 of 2nd period - Logan Couture wins face-off versus Patrik Berglund in Manchots zone.
0:46 of 2nd period - Snap shot by Alexander Radulov.
0:46 of 2nd period - Deflect By Nate Prosser.
0:46 of 2nd period - Goal by Alexander Radulov - Manchots : 3 - Monarchs : 2.
0:47 of 2nd period - Patrik Berglund wins face-off versus Steven Stamkos in neutral zone.
0:50 of 2nd period - Slapshot by Sean Zimmerman.
0:50 of 2nd period - Stopped by Sebastien Caron with a rebound.
0:52 of 2nd period - Slapshot by Sean Zimmerman.
0:52 of 2nd period - Stopped by Sebastien Caron without a rebound.
0:53 of 2nd period - Steven Stamkos wins face-off versus Patrik Berglund in Manchots zone.
1:40 of 2nd period - Snap shot by Ruslan Fedotenko.
1:40 of 2nd period - Stopped by Braden Holtby without a rebound.
1:41 of 2nd period - Tommy Wingels wins face-off versus Martin Hanzal in Monarchs zone.
1:41 of 2nd period - Tommy Wingels is hit by Martin Hanzal.
2:16 of 2nd period - Slapshot by Tommy Wingels.
2:16 of 2nd period - Stopped by Sebastien Caron with a rebound.
2:18 of 2nd period - Slapshot by Nate Prosser.
2:18 of 2nd period - Shot Blocked by Aaron Ward.
2:20 of 2nd period - Slapshot by Travis Hamonic.
2:20 of 2nd period - Deflect By Tommy Wingels.
2:20 of 2nd period - Stopped by Sebastien Caron with a rebound.
2:22 of 2nd period - Snap shot by Michael Haley.
2:22 of 2nd period - Stopped by Sebastien Caron with a rebound.
2:28 of 2nd period - Snap shot by Michael Haley.
2:28 of 2nd period - Shot Blocked by Ruslan Fedotenko.
2:29 of 2nd period - Minor Penalty to Martin Hanzal for Hooking.
2:30 of 2nd period - Patrik Berglund wins face-off versus Tyler Kennedy in Manchots zone.
2:43 of 2nd period - Slapshot by Sean Zimmerman.
2:43 of 2nd period - Shot Blocked by Petr Sykora.
2:45 of 2nd period - Snap shot by Jarret Stoll.
2:45 of 2nd period - Shot Misses the Net.
4:29 of 2nd period - Penalty to Martin Hanzal is over, Martin Hanzal is back on ice.
4:40 of 2nd period - Snap shot by Denis Hamel.
4:40 of 2nd period - Shot Blocked by Pernell Karl Subban.
4:42 of 2nd period - Snap shot by Denis Hamel.
4:42 of 2nd period - Shot Misses the Net.
4:52 of 2nd period - Maxime Macenauer is hit by Eric Tangradi and loses puck.
5:07 of 2nd period - Bobby Butler is hit by Denis Hamel.
6:45 of 2nd period - Alexander Radulov is hit by Michael Haley and loses puck.
7:48 of 2nd period - Patrik Berglund is hit by Tyler Kennedy and loses puck.
8:02 of 2nd period - Minor Penalty to Raphael Diaz for Holding Stick.
8:03 of 2nd period - Steven Stamkos wins face-off versus Maxime Macenauer in Monarchs zone.
8:06 of 2nd period - Wrist shot by Steven Stamkos.
8:06 of 2nd period - Stopped by Braden Holtby without a rebound.
8:07 of 2nd period - Steven Stamkos wins face-off versus Maxime Macenauer in Monarchs zone.
8:08 of 2nd period - Wrist shot by Petr Sykora.
8:08 of 2nd period - Shot Misses the Net.
8:10 of 2nd period - Slapshot by Aaron Ward.
8:10 of 2nd period - Deflect By Chris Clark.
8:10 of 2nd period - Goal by Aaron Ward - Manchots : 4 - Monarchs : 2.
8:10 of 2nd period - Michael Leighton enters game.
8:11 of 2nd period - Patrik Berglund wins face-off versus Logan Couture in neutral zone.
8:17 of 2nd period - Minor Penalty to Logan Couture for Tripping.
8:18 of 2nd period - Tyler Kennedy wins face-off versus Patrik Berglund in Manchots zone.
8:29 of 2nd period - Slapshot by Mikkel Boedker.
8:29 of 2nd period - Stopped by Sebastien Caron without a rebound.
8:30 of 2nd period - Patrik Berglund wins face-off versus Tyler Kennedy in Manchots zone.
8:47 of 2nd period - Aaron Ward is hit by Patrik Berglund and loses puck.
9:00 of 2nd period - Slapshot by Raphael Diaz.
9:00 of 2nd period - Stopped by Sebastien Caron with a rebound.
9:02 of 2nd period - Wrist shot by Carl Hagelin.
9:02 of 2nd period - Stopped by Sebastien Caron with a rebound.
9:04 of 2nd period - Snap shot by Jonathan Matsumoto.
9:04 of 2nd period - Stopped by Sebastien Caron with a rebound.
9:06 of 2nd period - Slapshot by Chris Clark.
9:06 of 2nd period - Shot Misses the Net.
10:17 of 2nd period - Penalty to Logan Couture is over, Logan Couture is back on ice.
10:22 of 2nd period - Backhand shot by Alexander Radulov.
10:22 of 2nd period - Shot Hit the Post.
10:24 of 2nd period - Snap shot by Jamie Benn.
10:24 of 2nd period - Stopped by Michael Leighton without a rebound.
10:25 of 2nd period - Tommy Wingels wins face-off versus Logan Couture in Monarchs zone.
11:51 of 2nd period - Off-side.
11:52 of 2nd period - Logan Couture wins face-off versus Maxime Macenauer in neutral zone.
11:57 of 2nd period - Snap shot by Alexander Radulov.
11:57 of 2nd period - Stopped by Michael Leighton without a rebound.
11:58 of 2nd period - Logan Couture wins face-off versus Patrik Berglund in Monarchs zone.
12:23 of 2nd period - Patrik Berglund is hit by Martin Hanzal and loses puck.
12:38 of 2nd period - Ruslan Fedotenko is hit by Jarret Stoll and loses puck.
13:17 of 2nd period - Wrist shot by Jarret Stoll.
13:17 of 2nd period - Deflect By Patrik Berglund.
13:17 of 2nd period - Shot Misses the Net.
13:17 of 2nd period - Puck is out of play.
13:18 of 2nd period - Mikkel Boedker wins face-off versus Petr Sykora in Manchots zone.
13:31 of 2nd period - Snap shot by Mikkel Boedker.
13:31 of 2nd period - Goal by Mikkel Boedker - Manchots : 4 - Monarchs : 3.
13:32 of 2nd period - Jonathan Matsumoto wins face-off versus Steven Stamkos in neutral zone.
13:39 of 2nd period - Slapshot by Mikkel Boedker.
13:39 of 2nd period - Shot Misses the Net.
13:59 of 2nd period - Jamie Benn is hit by Raphael Diaz and loses puck.
14:34 of 2nd period - Wrist shot by Carl Hagelin.
14:34 of 2nd period - Shot Misses the Net.
14:44 of 2nd period - Backhand shot by Petr Sykora.
14:44 of 2nd period - Deflect By Steven Stamkos.
14:44 of 2nd period - Shot Blocked by Nate Prosser.
14:44 of 2nd period - Puck is out of play.
14:45 of 2nd period - Patrik Berglund wins face-off versus Steven Stamkos in Monarchs zone.
14:47 of 2nd period - Nate Prosser is hit by Petr Sykora and loses puck.
14:58 of 2nd period - Snap shot by Tyler Ennis.
14:58 of 2nd period - Shot Misses the Net.
15:00 of 2nd period - Slapshot by Stanislav Neckar.
15:00 of 2nd period - Stopped by Michael Leighton without a rebound.
15:01 of 2nd period - Jonathan Matsumoto wins face-off versus Logan Couture in Monarchs zone.
15:37 of 2nd period - Wrist shot by Jason Chimera.
15:37 of 2nd period - Stopped by Sebastien Caron without a rebound.
15:38 of 2nd period - Jonathan Matsumoto wins face-off versus Logan Couture in Manchots zone.
15:47 of 2nd period - Snap shot by Logan Couture.
15:47 of 2nd period - Shot Blocked by Travis Hamonic.
16:07 of 2nd period - Patrik Berglund is hit by Tyler Ennis.
16:25 of 2nd period - Tommy Wingels is hit by Pernell Karl Subban and loses puck.
16:58 of 2nd period - Wrist shot by Alexander Radulov.
16:58 of 2nd period - Goal by Alexander Radulov - Manchots : 5 - Monarchs : 3.
16:59 of 2nd period - Steven Stamkos wins face-off versus Patrik Berglund in neutral zone.
17:33 of 2nd period - Wrist shot by Jonathan Matsumoto.
17:33 of 2nd period - Shot Misses the Net.
18:03 of 2nd period - Eric Tangradi is hit by Jamie McGinn and loses puck.
18:17 of 2nd period - Eric Tangradi is hit by Jamie McGinn and loses puck.
18:41 of 2nd period - Minor Penalty to Colby Robak for Delaying the game.
18:41 of 2nd period - Minor Penalty to Stanislav Neckar for Hooking.
18:42 of 2nd period - Jarret Stoll wins face-off versus Steven Stamkos in Monarchs zone.
18:47 of 2nd period - Backhand shot by Nate Prosser.
18:47 of 2nd period - Shot Hit the Post.
19:18 of 2nd period - Steven Stamkos is hit by Mikkel Boedker and loses puck.
19:31 of 2nd period - Slapshot by Sean Zimmerman.
19:31 of 2nd period - Shot Blocked by Alexander Radulov.
19:35 of 2nd period - Snap shot by Patrik Berglund.
19:35 of 2nd period - Stopped by Sebastien Caron without a rebound.
19:36 of 2nd period - Patrik Berglund wins face-off versus Steven Stamkos in Manchots zone.
19:37 of 2nd period - Snap shot by Chris Clark.
19:37 of 2nd period - Shot Blocked by Bryan Allen.
3rd period
0:01 of 3rd period - Jarret Stoll wins face-off versus Steven Stamkos in neutral zone.
0:41 of 3rd period - Penalty to Colby Robak is over, Colby Robak is back on ice.
0:41 of 3rd period - Penalty to Stanislav Neckar is over, Stanislav Neckar is back on ice.
0:48 of 3rd period - Icing by Patrik Berglund.
0:49 of 3rd period - Patrik Berglund wins face-off versus Logan Couture in Monarchs zone.
1:04 of 3rd period - Wrist shot by Patrik Berglund.
1:04 of 3rd period - Shot Blocked by Michael Del Zotto.
1:20 of 3rd period - Wrist shot by Tyler Kennedy.
1:20 of 3rd period - Shot Misses the Net.
1:22 of 3rd period - Slapshot by Cal Clutterbuck.
1:22 of 3rd period - Manchots goal is going for a video replay.
1:22 of 3rd period - The goal is good.
1:22 of 3rd period - Goal by Cal Clutterbuck - Manchots : 6 - Monarchs : 3.
1:23 of 3rd period - Steven Stamkos wins face-off versus Patrik Berglund in neutral zone.
1:26 of 3rd period - Snap shot by Pernell Karl Subban.
1:26 of 3rd period - Deflect By Jason Chimera.
1:26 of 3rd period - Stopped by Michael Leighton without a rebound.
1:27 of 3rd period - Jason Chimera wins face-off versus Steven Stamkos in Monarchs zone.
3:04 of 3rd period - Snap shot by Tyler Kennedy.
3:04 of 3rd period - Shot Hit the Post.
3:06 of 3rd period - Snap shot by Tyler Kennedy.
3:06 of 3rd period - Goal by Tyler Kennedy - Manchots : 7 - Monarchs : 3.
3:07 of 3rd period - Alexander Radulov wins face-off versus Jonathan Matsumoto in neutral zone.
3:09 of 3rd period - Off-side.
3:10 of 3rd period - Jonathan Matsumoto wins face-off versus Alexander Radulov in neutral zone.
3:13 of 3rd period - Jamie Benn is hit by Jonathan Matsumoto.
3:22 of 3rd period - Jamie Benn is hit by Nate Prosser.
3:30 of 3rd period - Jonathan Matsumoto is hit by Alexander Radulov and loses puck.
3:42 of 3rd period - Minor Penalty to Pernell Karl Subban for Goalie Interference.
3:43 of 3rd period - Tyler Kennedy wins face-off versus Patrik Berglund in Manchots zone.
3:43 of 3rd period - Tyler Kennedy is hit by Patrik Berglund.
3:55 of 3rd period - Snap shot by Jarret Stoll.
3:55 of 3rd period - Stopped by Sebastien Caron with a rebound.
4:19 of 3rd period - Chris Clark is hit by Martin Hanzal and loses puck.
5:06 of 3rd period - Raphael Diaz is hit by Stanislav Neckar.
5:42 of 3rd period - Penalty to Pernell Karl Subban is over, Pernell Karl Subban is back on ice.
7:48 of 3rd period - Pernell Karl Subban is hit by Jason Chimera and loses puck.
8:05 of 3rd period - Jamie McGinn is hit by Tyler Ennis and loses puck.
8:14 of 3rd period - Stanislav Neckar is hit by Carl Hagelin and loses puck.
8:51 of 3rd period - Snap shot by Alexander Radulov.
8:51 of 3rd period - Shot Blocked by Sean Zimmerman.
8:57 of 3rd period - Logan Couture is hit by Sean Zimmerman and loses puck.
9:32 of 3rd period - Snap shot by Tyler Kennedy.
9:32 of 3rd period - Stopped by Michael Leighton without a rebound.
9:33 of 3rd period - Jonathan Matsumoto wins face-off versus Logan Couture in Monarchs zone.
9:40 of 3rd period - Slapshot by Mikkel Boedker.
9:40 of 3rd period - Shot Misses the Net.
9:41 of 3rd period - Minor Penalty to Alec Martinez for Holding.
9:42 of 3rd period - Maxime Macenauer wins face-off versus Logan Couture in Monarchs zone.
11:41 of 3rd period - Penalty to Alec Martinez is over, Alec Martinez is back on ice.
11:57 of 3rd period - Snap shot by Denis Hamel.
11:57 of 3rd period - Stopped by Sebastien Caron with a rebound.
12:28 of 3rd period - Wrist shot by Martin Hanzal.
12:28 of 3rd period - Shot Misses the Net.
12:37 of 3rd period - Icing by Alexander Radulov.
12:38 of 3rd period - Steven Stamkos wins face-off versus Patrik Berglund in Manchots zone.
13:10 of 3rd period - Michael Haley is hit by Alexander Radulov and loses puck.
13:17 of 3rd period - Wrist shot by Alexander Radulov.
13:17 of 3rd period - Deflect By Logan Couture.
13:17 of 3rd period - Stopped by Michael Leighton without a rebound.
13:18 of 3rd period - Tyler Ennis wins face-off versus Patrik Berglund in Monarchs zone.
13:23 of 3rd period - Wrist shot by Tyler Ennis.
13:23 of 3rd period - Goal by Tyler Ennis - Manchots : 8 - Monarchs : 3.
13:24 of 3rd period - Patrik Berglund wins face-off versus Steven Stamkos in neutral zone.
13:49 of 3rd period - Sean Zimmerman is hit by Aaron Ward and loses puck.
13:58 of 3rd period - Alexander Radulov is hit by Chris Clark and loses puck.
14:13 of 3rd period - Slapshot by Martin Hanzal.
14:13 of 3rd period - Goal by Martin Hanzal - Manchots : 9 - Monarchs : 3.
14:14 of 3rd period - Steven Stamkos wins face-off versus Patrik Berglund in neutral zone.
14:17 of 3rd period - Wrist shot by Bryan Allen.
14:17 of 3rd period - Shot Blocked by Raphael Diaz.
15:27 of 3rd period - Icing by Jarret Stoll.
15:28 of 3rd period - Patrik Berglund wins face-off versus Steven Stamkos in Monarchs zone.
15:32 of 3rd period - Off-side.
15:33 of 3rd period - Steven Stamkos wins face-off versus Patrik Berglund in neutral zone.
15:38 of 3rd period - Wrist shot by Tyler Ennis.
15:38 of 3rd period - Deflect By Steven Stamkos.
15:38 of 3rd period - Stopped by Michael Leighton without a rebound.
15:39 of 3rd period - Patrik Berglund wins face-off versus Steven Stamkos in Monarchs zone.
15:48 of 3rd period - Travis Hamonic is hit by Petr Sykora and loses puck.
15:53 of 3rd period - Snap shot by Steven Stamkos.
15:53 of 3rd period - Shot Misses the Net.
16:35 of 3rd period - Slapshot by Martin Hanzal.
16:35 of 3rd period - Deflect By Nate Prosser.
16:35 of 3rd period - Stopped by Michael Leighton without a rebound.
16:36 of 3rd period - Patrik Berglund wins face-off versus Steven Stamkos in Monarchs zone.
17:29 of 3rd period - Off-side.
17:30 of 3rd period - Patrik Berglund wins face-off versus Steven Stamkos in neutral zone.
17:45 of 3rd period - Steven Stamkos is hit by Patrik Berglund and loses puck.
18:13 of 3rd period - Icing by Pernell Karl Subban.
18:14 of 3rd period - Tommy Wingels wins face-off versus Logan Couture in Manchots zone.
18:22 of 3rd period - Aaron Ward is hit by Jarret Stoll.
18:28 of 3rd period - Alexander Radulov is hit by Jason Chimera and loses puck.
18:41 of 3rd period - Jonathan Matsumoto is hit by Pernell Karl Subban and loses puck.
19:26 of 3rd period - Slapshot by Tyler Kennedy.
19:26 of 3rd period - Shot Misses the Net.
19:28 of 3rd period - Slapshot by Aaron Ward.
19:28 of 3rd period - Stopped by Michael Leighton without a rebound.
19:29 of 3rd period - Steven Stamkos wins face-off versus Patrik Berglund in Monarchs zone.
19:40 of 3rd period - Tyler Ennis is hit by Jason Chimera.
Output by the SimonT Hockey Simulator (STHS) for François Prévost -- Original Page W3C XHTML 1.0 Valid